 Dungeon Crawl Stone Soup version 0.17-a0-2098-gf59d6bc (webtiles) character file.

5360 st0uf the Fighter (level 10, -7/111 HPs)
             Began as an Ogre Hunter on Oct 17, 2015.
             Was a Priest of Fedhas.
             Mangled by a yak (13 damage)
             ... on level 1 of the Lair of Beasts.
             The game lasted 00:49:32 (10727 turns).

st0uf the Fighter (Ogre Hunter)                    Turns: 10727, Time: 00:49:32

Health: -7/111     AC:  9    Str: 26    XL:     10   Next: 65%
Magic:  10/10      EV:  9    Int: 10    God:    Fedhas [***...]
Gold:   360        SH: 10    Dex: 12    Spells: 0 memorised, 9 levels left

rFire  . . .     SeeInvis .     s - +1 mace
rCold  . . .     Clarity  .     K - +1 robe of the Stag {rN+ Str+4 Dex+2 Slay-3}
rNeg   + . .     SustAt   .     r - +0 shield
rPois  .         Gourm    .     I - +2 hat
rElec  .         Spirit   .     o - +0 cloak
rCorr  .         Warding  .     (gloves unavailable)
rMut   .         Stasis   .     (boots unavailable)
MR     +....                    (no amulet)
Stlth  ++........               n - +4 ring of slaying
                                H - +2 ring of protection

@: somewhat resistant to hostile enchantments, unstealthy
A: unfitting armour, tough skin 1
a: Evolution, Sunlight, Growth, Renounce Religion


You were on level 1 of the Lair of Beasts.
You worshipped Fedhas.
Fedhas was most pleased with you.
You were hungry.

You visited 3 branches of the dungeon, and saw 10 of its levels.

You collected 360 gold pieces.

Inventory:

Hand Weapons
 s - a +1 mace (weapon)
Missiles
 a - 5 large rocks
 b - 2 throwing nets
 f - 225 stones (quivered)
 i - 14 poisoned needles
Armour
 d - a +0 robe
 o - a +0 cloak (worn)
 r - a +0 shield (worn)
 I - a +2 hat (worn)
 K - the +1 robe of the Stag (worn) {rN+ Str+4 Dex+2 Slay-3}
   (You found it on level 4 of the Dungeon)

   It affects your strength (+4).
   It affects your dexterity (+2).
   It affects your accuracy and damage with ranged weapons and melee attacks
   (-3).
   It protects you from negative energy.
Jewellery
 h - an uncursed ring of protection from fire
 n - a +4 ring of slaying (right hand)
 y - an uncursed ring of protection from magic
 B - a +2 ring of intelligence
 D - an uncursed ring of stealth
 H - a +2 ring of protection (left hand)
 L - an uncursed amulet of rage {unknown}
 V - a cursed ring of loudness {unknown}
Wands
 U - a wand of digging (11)
Scrolls
 c - 2 scrolls of remove curse {unknown}
 g - 6 scrolls of identify
 l - 2 scrolls of magic mapping {unknown}
 m - 3 scrolls of blinking
 p - 3 scrolls of recharging
 q - 2 scrolls of enchant armour {unknown}
 z - a scroll of vulnerability {unknown}
 A - 2 scrolls of fog
 E - a scroll of enchant weapon
 F - a scroll of teleportation
 J - a scroll of fear
 T - a scroll of amnesia {unknown}
Potions
 j - a potion of curing
 t - a potion of degeneration {unknown}
 u - a potion of berserk rage {unknown}
 w - a potion of invisibility {unknown}
 x - 3 potions of brilliance {unknown}
 G - a potion of lignification {unknown}
 M - a potion of magic {unknown}
 N - a potion of agility {unknown}
 O - a potion of mutation {unknown}
 Q - a potion of haste {unknown}
 S - a potion of ambrosia {unknown}
 W - a potion of might
Comestibles
 e - 5 bread rations
 v - 10 fruits
 C - 2 beef jerkies
 P - 2 meat rations
 R - 2 slices of pizza
 X - 4 chunks of flesh


   Skills:
 + Level 10.6 Fighting
 + Level 9.9 Maces & Flails
 + Level 9.0 Throwing
 - Level 2.0 Dodging
 - Level 0.7 Stealth
 + Level 6.7 Shields


You had 9 spell levels left.
You didn't know any spells.

Dungeon Overview and Level Annotations

Branches:
Dungeon (8/15)             Temple (1/1) D:7            Lair (1/8) D:8

Altars:
Ashenzari
Cheibriados
Dithmenos
Elyvilon
Fedhas
Gozag
Makhleb
Nemelex Xobeh
Okawaru
Qazlal
Ru
Sif Muna
Trog
Vehumet
Xom
Zin
The Shining One


Innate Abilities, Weirdness & Mutations

You are too large for most types of armour.
You have tough skin (AC +1).


Message History

You barely miss the yak.
The yak is heavily wounded.
You block the yak's attack. The yak gores you but does no damage.
You are feeling hungry.
You hit the yak.
The yak is severely wounded.
The yak gores you but does no damage. The yak barely misses you.
You hit the yak.
The yak is severely wounded.
The yak gores you!
* * * LOW HITPOINT WARNING * * *
The yak closely misses you.
You sock the yak!
You kill the yak!
You block the yak's attack.
You hit the yak.
The yak is lightly wounded.
The yak gores you!
You die...
Fedhas appreciates your contribution to the ecosystem.

...YY....
#........
#......#
#..Y..##
#.....#
#..<.###
####Y..#
#YY.#
#@#..#
####..#
#...
.....
.... ....
...


You could see 3 yaks.

Vanquished Creatures
  Pikel (D:7)
  Grinder (D:5)
  3 yaks (Lair:1)
  3 wolves (D:8)
  Grum (D:8)
  Menkaure (D:5)
  3 hippogriffs
  Duvessa (D:7)
  A slave (D:7)
  A phantom (D:5)
  An orc warrior (D:5)
  2 black bears (D:8)
  An ogre (D:8)
  A necrophage (D:7)
  3 centaurs
  6 giant frogs
  A big kobold (D:7)
  Dowan (D:7)
  A scorpion (D:5)
  A crimson imp (D:8)
  2 hounds
  A quasit (D:8)
  A giant frog zombie (D:6)
  4 iguanas
  10 orc wizards
  A centaur skeleton (D:8)
  2 giant frog skeletons
  A hell rat (D:8)
  4 orc priests
  7 worker ants
  2 hound skeletons
  2 worker ant zombies
  16 adders
  A river rat (D:8)
  3 shadow imps
  3 oozes
  2 adder zombies
  4 worms
  An adder skeleton (D:3)
  A giant gecko (D:3)
  21 orcs
  4 bats
  10 giant cockroaches
  9 hobgoblins
  14 jackals
  9 quokkas
  2 ball pythons (D:3)
  7 giant newts
  8 goblins
  2 jackal skeletons
  2 jackal zombies (D:5)
  11 kobolds
  A quokka zombie (D:7)
  9 rats
211 creatures vanquished.

Vanquished Creatures (collateral kills)
  Erolcha (D:8)
  Joseph (D:8)
  A wasp (D:8)
  A sky beast (D:8)
  A crimson imp (D:8)
  An orc priest (D:8)
  An orc wizard (D:8)
  A hell rat (D:8)
  A giant gecko (D:8)
  2 orcs (D:8)
11 creatures vanquished.

Vanquished Creatures (others)
  2 wandering mushrooms
  A giant frog zombie (D:7)
  An orc wizard (D:5)
  69 toadstools
73 creatures vanquished.

Grand Total: 295 creatures vanquished

Notes
Turn   | Place    | Note
--------------------------------------------------------------
     0 | D:1      | st0uf the Ogre Hunter began the quest for the Orb.
     0 | D:1      | Reached XP level 1. HP: 22/22 MP: 1/1
   321 | D:1      | Reached XP level 2. HP: 21/29 MP: 2/2
   537 | D:1      | HP: 1/31 [kobold/dagger (1)]
  1161 | D:1      | Reached skill level 1 in Maces & Flails
  1187 | D:1      | Reached XP level 3. HP: 34/37 MP: 3/3
  1456 | D:2      | Found a shimmering altar of Xom.
  1933 | D:2      | Reached XP level 4. HP: 48/48 MP: 4/4
  2030 | D:2      | Found a faded altar to an unknown god.
  2049 | D:2      | Became a worshipper of Fedhas Madash
  2049 | D:2      | Reached * piety under Fedhas
  2059 | D:2      | Reached skill level 1 in Shields
  3020 | D:3      | Reached XP level 5. HP: 54/54 MP: 5/5
  3038 | D:3      | Found a sparkling altar of Nemelex Xobeh.
  3615 | D:3      | Reached skill level 5 in Throwing
  4135 | D:3      | Found a glowing golden altar of the Shining One.
  4185 | D:3      | Reached XP level 6. HP: 47/65 MP: 6/6
  4391 | D:4      | Got a fabulously ornate robe
  4408 | D:4      | Identified the +1 robe of the Stag {rN+ Str+4 Dex+2 Slay-3} (You found it on level 4 of the Dungeon)
  4879 | D:4      | Reached skill level 5 in Fighting
  5125 | D:5      | Entered Level 5 of the Dungeon
  5254 | D:5      | Noticed Menkaure
  5266 | D:5      | Reached XP level 7. HP: 58/72 MP: 7/7
  5406 | D:5      | Killed Menkaure
  5496 | D:5      | Reached skill level 6 in Fighting
  5508 | D:5      | Reached ** piety under Fedhas
  5809 | D:5      | Reached skill level 5 in Maces & Flails
  5868 | D:5      | Found a burning altar of Makhleb.
  5942 | D:5      | Noticed Grinder
  6382 | D:5      | Paralysed by Grinder for 3 turns
  6398 | D:5      | Paralysed by Grinder for 3 turns
  6406 | D:5      | Paralysed by Grinder for 5 turns
  6415 | D:5      | Paralysed by Grinder for 6 turns
  6443 | D:5      | Killed Grinder
  6443 | D:5      | Reached XP level 8. HP: 26/84 MP: 8/8
  6748 | D:6      | Reached skill level 7 in Fighting
  7595 | D:6      | Reached skill level 8 in Fighting
  7595 | D:6      | Reached XP level 9. HP: 84/96 MP: 9/9
  7914 | D:7      | Found a staircase to the Ecumenical Temple.
  8102 | D:7      | Reached skill level 5 in Shields
  8295 | D:7      | Noticed Pikel
  8355 | D:7      | Killed Pikel
  8355 | D:7      | Reached skill level 9 in Fighting
  8411 | D:7      | Noticed Duvessa
  8431 | D:7      | Killed Duvessa
  8432 | D:7      | Noticed Dowan
  8451 | D:7      | Killed Dowan
  8751 | D:7      | Found a stormy altar of Qazlal.
  8812 | Temple   | Entered the Ecumenical Temple
  9077 | D:8      | Noticed Erolcha
  9077 | D:8      | Noticed Joseph
  9152 | D:8      | Found a bloodstained altar of Trog.
  9313 | D:8      | Noticed Grum
  9324 | D:8      | Killed Grum
  9324 | D:8      | Reached XP level 10. HP: 75/107 MP: 10/10
  9669 | D:8      | Found a staircase to the Lair.
  9688 | D:8      | Reached skill level 10 in Fighting
  9721 | D:8      | Reached *** piety under Fedhas
  9759 | D:8      | Killed Erolcha
  9766 | D:8      | Killed Joseph
 10693 | Lair:1   | Entered Level 1 of the Lair of Beasts
 10727 | Lair:1   | Mangled by a yak

Vault maps used:
D:1:      ncdulo_halloftheorcs, st_stairs_1
D:2:      nicolae_overflow_crystal_walls, ecumenical_altar_1
D:3:      tso_altar, lemuel_crystal_altar, st_stairs_9, corner_web_ring
D:5:      lemuel_doored_altar, first_bread, uniq_grinder, uniq_menkaure
D:6:      enter_ossuary_1
D:7:      nicolae_qazlal_eye_of_the_storm, uniq_pikel, uniq_duvessa
D:8:      trog_ov_bears_minmay, dpeg_lair_monsters, uniq_grum, uniq_erolcha,
          uniq_joseph
Temple:   triangle_lava_temple_12

Action                   |  1- 3 |  4- 6 |  7- 9 | 10-12 || total
-------------------------+-------+-------+-------+-------++-------
Melee: Club              |   110 |       |       |       ||   110
       Short sword       |    12 |       |       |       ||    12
       Mace              |    36 |   274 |   470 |   144 ||   924
Throw: Large rock        |     4 |       |       |       ||     4
       Stone             |       |       |    26 |       ||    26
Invok: Evolution         |       |       |       |     5 ||     5
  Use: Potion            |       |       |     5 |     2 ||     7
       Scroll            |       |       |     8 |       ||     8
 Stab: Sleeping          |     1 |     1 |       |       ||     2
       Distracted        |       |     1 |     1 |       ||     2
  Eat: Chunk             |     2 |     7 |    12 |     5 ||    26
       Meat ration       |       |     1 |       |       ||     1
       Pizza             |       |       |     1 |       ||     1
